 Dungeon Sprint DCSS version 0.22.0-13-g43fe8f2 (webtiles) character file.

103 poirepourri the Thaumaturge (level 7, 0/52 HPs)
             Began as a Grey Draconian Transmuter on Aug 16, 2018.
             Was a High Priest of Cheibriados.
             Killed from afar by a naga mage (27 damage)
             ... with an orb of energy
             ... in the Dungeon (Sprint VI: "Thunderdome").
             The game lasted 00:02:46 (490 turns).

poirepourri the Thaumaturge (DrTm)                   Turns: 490, Time: 00:02:47

Health: 0/52       AC:  2    Str: 29    XL:     7   Next: 34%
Magic:  12/24      EV: 18    Int: 39    God:    Cheibriados [*****.]
Gold:   80         SH:  0    Dex: 40    Spells: 24/34 levels left

rFire    x . .     SeeInvis .     - Unarmed
rCold    . . .     Gourm    .   (shield currently unavailable)
rNeg     . . .     Faith    .   (armour unavailable)
rPois    .         Spirit   .   (helmet currently unavailable)
rElec    +         Reflect  .   (cloak currently unavailable)
rCorr    .         Harm     +   (gloves currently unavailable)
MR       .....     NoTele   +   (boots currently unavailable)
Stlth    +++.......             n - amulet "Cituch" {Harm *Drain Str+3 Int+2 Slay+2}
HPRegen  0.17/turn              o - ring "Ynuirug" {+Fly rElec MR+ Dex+8 Slay-2}
MPRegen  0.19/turn              m - ring of Jaor {+Fly rPois rF- MR- Int+9}

@: lethally poisoned (0 -> -1), spider-form, constricted, very slow
A: tiny, (walk through water), unfitting armour, AC +11
a: End Transformation, Bend Time, Temporal Distortion, Slouch, Step From Time,
Renounce Religion, Evoke Flight


You were in the Dungeon.
You worshipped Cheibriados.
Cheibriados was extremely pleased with you.
You were not hungry.
You were a venomous arachnid creature.
You visited 1 branch You collected 360 gold pieces.
You spent 280 gold pieces at shops.

Inventory:

Missiles
 a - 6 arrows
Jewellery
 m - the ring of Jaor (right front leg) {+Fly rPois rF- MR- Int+9}
   (You bought it in a shop in the Dungeon)

   [ring of flight]

   It affects your intelligence (+9).
   It makes you vulnerable to fire.
   It protects you from poison.
   It affects your resistance to hostile enchantments.
   It lets you fly.
 n - the amulet "Cituch" (around neck) {Harm *Drain Str+3 Int+2 Slay+2}
   (You bought it in a shop in the Dungeon)

   [amulet of harm]

   It increases damage dealt and taken.
   It affects your strength (+3).
   It affects your intelligence (+2).
   It affects your accuracy and damage with ranged weapons and melee attacks
   (+2).
   It causes draining when unequipped.
 o - the ring "Ynuirug" (left front leg) {+Fly rElec MR+ Dex+8 Slay-2}
   (You bought it in a shop in the Dungeon)

   [ring of protection from magic]

   It affects your dexterity (+8).
   It affects your accuracy and damage with ranged weapons and melee attacks
   (-2).
   It insulates you from electricity.
   It affects your resistance to hostile enchantments.
   It lets you fly.
Wands
 j - a wand of acid (5)
 k - a wand of iceblast (2)
Scrolls
 i - 4 scrolls of blinking
 l - 3 scrolls of fog
Potions
 b - a potion of resistance
 d - a potion of curing
 e - 3 potions of heal wounds
 f - 4 potions of haste
 g - 2 potions of magic
 h - a potion of berserk rage
Comestibles
 c - 3 rations


   Skills:
 - Level 1.1 Fighting
 - Level 1.7 Dodging
 - Level 3.0 Unarmed Combat
 - Level 14.2 Spellcasting
 + Level 2.0 Transmutations


You had 24 spell levels left.
You knew the following spells:

 Your Spells              Type           Power        Failure   Level  Hunger
a - Beastly Appendage     Tmut           #####.       3%          1    None
b - Sticks to Snakes      Tmut           #####...     4%          2    None
c - Spider Form           Tmut/Pois      #####.....   10%         3    None
d - Ice Form              Ice/Tmut       #####...     22%         4    None

Your spell library contained the following spells:

 Spells                   Type           Power        Failure   Level  Hunger
 Blade Hands              Tmut           #####.....   34%         5    None


Dungeon Overview and Level Annotations

Branches:
Dungeon (1/1)

Altars:
Cheibriados
Dithmenos
Fedhas
Gozag
Kikubaaqudgha
Makhleb
Okawaru
Qazlal
Ru
Sif Muna
Trog
Uskayaw
Vehumet
Wu Jian
Xom
Yredelemnul
Zin
The Shining One
Beogh
Jiyva
Lugonu

Shops:
D *[%??*?*:[((!!!!


Innate Abilities, Weirdness & Mutations

((You can walk through water.))
((Your dull iron-grey scales are very hard. (AC +11)))
You cannot fit into any form of body armour.
((You can survive without breathing.))
((You are cold-blooded and may be slowed by cold attacks.))


Message History

The naga mage gestures at you while chanting.
You resist with significant effort.
You closely miss the naga mage.
The naga mage is moderately wounded.
The naga mage spits poison at you. The splash of poison misses you.
You bite the naga mage!
The naga mage looks as sick as possible!
The naga mage is severely wounded.
The naga mage closely misses you. The naga mage grabs you.
The naga mage constricts you.
You hit the naga mage.
The naga mage looks as sick as possible!
The naga mage is severely wounded.
You hit the naga mage but do no damage.
The naga mage is almost dead.
The naga mage casts a spell at you. The orb of energy hits you!
Ouch! That really hurt!
You die...

.)......###
.........⌠#
........8.######
..###......___∩##
8.# #.8........∩###
..###.............##
##...###..........⌠#
#.<.# #.†......N.⌠#
##...###........s.⌠#
.§###.............##
8.# #.8........∩###
..###...÷.÷_._∩##
..†.....8.######
†........⌠#
........###
......._# ......._#


You could see a naga mage.

Vanquished Creatures
  An air elemental (D)
  An ogre (D)
  5 sky beasts (D)
  3 adders (D)
  6 orcs (D)
  2 ball pythons (D)
  A rat (D)
19 creatures vanquished.

Vanquished Creatures (collateral kills)
  A ball python (D)
1 creature vanquished.

Grand Total: 20 creatures vanquished

Notes
Turn   | Place    | Note
-------+----------+-------------------------------------------
     0 | D        | poirepourri the Draconian Transmuter began the quest for the Orb.
     0 | D        | Reached XP level 1. HP: 16/16 MP: 3/3
     3 | D        | Found a corrupted altar of Lugonu.
     4 | D        | Found a bloodstained altar of Trog.
     4 | D        | Found a hide-covered altar of Uskayaw.
     5 | D        | Found an opulent altar of Gozag.
     5 | D        | Found a glowing silver altar of Zin.
     5 | D        | Round 1.
     6 | D        | Found Womedo Inih's Delicious Food.
     6 | D        | Found a roughly hewn altar of Beogh.
     6 | D        | Found a shadowy altar of Dithmenos.
     6 | D        | Found an iron altar of Okawaru.
     6 | D        | Found Weavun's Identification Station.
     7 | D        | Found Ajuleoll's Jewellery.
     7 | D        | Found Qeigh's Advanced Armour.
    15 | D        | Bought a brightly glowing wooden ring for 45 gold pieces
    15 | D        | Bought a crude crystal amulet for 45 gold pieces
    15 | D        | Bought an ancient pewter ring for 45 gold pieces
    15 | D        | Identified the ring "Ynuirug" {+Fly rElec MR+ Dex+8 Slay-2} (You bought it in a shop in the Dungeon)
    16 | D        | Identified the ring of Jaor {+Fly rPois rF- MR- Int+9} (You bought it in a shop in the Dungeon)
    17 | D        | Identified the amulet "Cituch" {Harm *Drain Str+3 Int+2 Slay+2} (You bought it in a shop in the Dungeon)
    30 | D        | Bought 2 rations for 40 gold pieces
    40 | D        | Found an ancient bone altar of Kikubaaqudgha.
    49 | D        | Found a radiant altar of Vehumet.
    49 | D        | Found Wanoj's Premium Goods.
    49 | D        | Found Kiofijo's Miscellaneous Merchandise.
    50 | D        | Found Jeppoiz's Basic Armour.
    55 | D        | Found Qonutops's Weapon Rack.
    55 | D        | Found a burning altar of Makhleb.
    55 | D        | Found a deep blue altar of Sif Muna.
    55 | D        | Found a viscous altar of Jiyva.
    64 | D        | Found a stormy altar of Qazlal.
    68 | D        | Found a shimmering altar of Xom.
    68 | D        | Found Paurrego's Do-It-Yourself Clinic.
    68 | D        | Found Luhugy's Bottled Wisdom.
    69 | D        | Found Faebariutt's Distillery.
    74 | D        | Found Izatumo's Distillery.
    74 | D        | Found an ornate altar of the Wu Jian Council.
    74 | D        | Found a glowing golden altar of the Shining One.
    74 | D        | Found a blossoming altar of Fedhas.
    83 | D        | Found a basalt altar of Yredelemnul.
    87 | D        | Found a snail-covered altar of Cheibriados.
    87 | D        | Found a sacrificial altar of Ru.
    87 | D        | Found Xaheiff's Staff Store.
    87 | D        | Found Ocogun's Must-Have Magic.
    88 | D        | Found Xerraus's Magic Scroll Shop.
    93 | D        | Found Bir Qugh's Magic Scroll Shop.
    93 | D        | Noticed an ogre
    98 | D        | Killed an ogre
    98 | D        | Reached skill level 8 in Spellcasting
    98 | D        | Reached XP level 2. HP: 23/23 MP: 4/11
    98 | D        | Reached XP level 3. HP: 28/28 MP: 4/12
    98 | D        | Reached XP level 4. HP: 35/35 MP: 4/14
   102 | D        | Became a worshipper of Cheibriados the Contemplative
   137 | D        | Learned a level 2 spell: Sticks to Snakes
   141 | D        | Learned a level 3 spell: Spider Form
   159 | D        | Reached * piety under Cheibriados
   184 | D        | Arena points: 5 (+5) [x1]
   196 | D        | Round 2.
   209 | D        | Reached ** piety under Cheibriados
   219 | D        | Learned a level 4 spell: Ice Form
   245 | D        | Arena points: 29 (+24) [x2]
   284 | D        | Round 3.
   319 | D        | Reached *** piety under Cheibriados
   319 | D        | Reached skill level 9 in Spellcasting
   402 | D        | Reached **** piety under Cheibriados
   410 | D        | Arena points: 47 (+18) [x1]
   419 | D        | Round 4.
   422 | D        | Noticed a sky beast
   422 | D        | Noticed a sky beast
   423 | D        | Noticed a sky beast
   425 | D        | Noticed a sky beast
   434 | D        | Killed a sky beast
   434 | D        | Reached skill level 10 in Spellcasting
   434 | D        | Reached XP level 5. HP: 22/40 MP: 7/18
   436 | D        | Killed a sky beast
   436 | D        | Reached ***** piety under Cheibriados
   436 | D        | Reached skill level 11 in Spellcasting
   436 | D        | Reached XP level 6. HP: 26/47 MP: 8/20
   438 | D        | Killed a sky beast
   438 | D        | Reached skill level 12 in Spellcasting
   441 | D        | Noticed a sky beast
   446 | D        | Killed a sky beast
   446 | D        | Reached skill level 13 in Spellcasting
   447 | D        | Noticed an air elemental
   458 | D        | Killed an air elemental
   458 | D        | Your scales start taking on a dull iron-grey colour.
   458 | D        | Reached XP level 7. HP: 31/52 MP: 6/24
   458 | D        | Gained mutation: You can survive without breathing. [Grey Draconian growth]
   464 | D        | Arena points: 103 (+56) [x2]
   464 | D        | Reached skill level 14 in Spellcasting
   477 | D        | Round 5.
   478 | D        | Noticed a naga mage
   479 | D        | Bought 3 potions of heal wounds for 105 gold pieces
   490 | D        | Killed from afar by a naga mage

Skill      XL: |  1  2  3  4  5  6  7 |
---------------+----------------------+-----
Spellcasting   | 8 10 11 13 14 | 14.2
Fighting       | |  1.1
Dodging        | |  1.7
Unarmed Combat | |  3.0
Transmutations | |  2.0

Action                   |  1- 3 |  4- 6 |  7- 9 || total
-------------------------+-------+-------+-------++-------
Melee: Unarmed           |     1 |    45 |    13 ||    59
       Kick              |       |     5 |       ||     5
       Headbutt          |       |     2 |       ||     2
       Tailslap          |       |     2 |       ||     2
       Punch             |       |     1 |       ||     1
 Cast: Beastly Appendage |     1 |     5 |       ||     6
       Sticks to Snakes  |       |     4 |       ||     4
       Spider Form       |       |     4 |     1 ||     5
Evoke: Wand              |     2 |     1 |       ||     3
  Use: Potion            |       |     3 |     1 ||     4
Armor: Skin              |       |    16 |       ||    16
Dodge: Dodged            |     1 |    49 |    13 ||    63
